 Dungeon Crawl Stone Soup version 0.31-a0-1-g4198be8af4 (webtiles) character file.

Game seed: 3685267212397041057

770 Mickster the Cleaver (level 7, -1/60 HPs)
             Began as a Hill Orc Berserker on May 2, 2023.
             Was a Believer of Trog.
             Slain by a gnoll sergeant
             ... wielding a +0 spear
              (10 damage)
             ... on level 6 of the Dungeon.
             The game lasted 00:24:25 (3702 turns).

Mickster the Cleaver (Hill Orc Berserker)           Turns: 3702, Time: 00:24:25

Health: -1/60      AC: 17    Str: 22    XL:     7   Next: 83%
Magic:  7/7        EV:  8    Int:  7    God:    Trog [**....]
Gold:   173        SH:  3    Dex: 10    Spells: 6/6 levels left

rFire   . . .        i - +1 war axe (freeze)
rCold   . . .        o - +0 buckler
rNeg    . . .        f - +7 chain mail of the Arena {rCorr Stlth+}
rPois   .            (no helmet)
rElec   .            (no cloak)
rCorr   +            (no gloves)
SInv    .            j - +0 pair of boots
Will    +....        (no amulet) Stlth
                     l - ring of willpower
HPRegen 0.30/turn    (no ring)
MPRegen 0.10/turn

%: no passive effects
@: on berserk cooldown, slowed, very slow
A: no striking features
a: Renounce Religion, Berserk, Trog's Hand


You were on level 6 of the Dungeon.
You worshipped Trog.
Trog was pleased with you.
You visited 1 branch of the dungeon, and saw 6 of its levels.

You collected 173 gold pieces.

Inventory:

Hand Weapons
 a - a +0 hand axe
 g - a +0 long sword
 i - a +1 war axe of freezing (weapon)
 m - a +1 whip of venom
Missiles
 h - 40 stones
Armour
 f - the +7 chain mail of the Arena (worn) {rCorr Stlth+}
   (You found it on level 2 of the Dungeon)

   rCorr:     It protects you from acid and corrosion.
   Stlth:     It makes you more stealthy.
 j - a +0 pair of boots (worn)
 o - a +0 buckler (worn)
Jewellery
 l - a ring of willpower (left hand)
Scrolls
 d - 3 scrolls of identify
 e - a scroll of amnesia
Potions
 c - a potion of heal wounds {unknown}
 k - 2 potions of curing (quivered)
 n - a potion of might {unknown}


   Skills:
 + Level 4.8 Fighting
 * Level 9.9 Axes
 + Level 3.4 Armour
 + Level 2.4 Dodging
 + Level 1.1 Stealth
 + Level 0.8 Shields


You had 6 spell levels left.
You didn't know any spells.
Your spell library was empty.

Dungeon Overview and Level Annotations

Branches:
Dungeon (6/15)             Temple (0/1) D:4

Altars:
Cheibriados
Sif Muna


Message History

You closely miss the gnoll.
You hear the slow rusting of a distant drain.
You are no longer berserk.
You are exhausted.
You feel yourself slow down.
You slash the bullfrog!
The bullfrog seems to slow down.
You freeze the bullfrog.
You kill the bullfrog!
Trog accepts your kill.
You closely miss the gnoll. The gnoll hits you but does no damage.
The gnoll hits you from afar with a +0 halberd.
* * * LOW HITPOINT WARNING * * *
The gnoll barely misses you. The gnoll hits you but does no damage.
You slice the gnoll!! You freeze the gnoll.
You kill the gnoll!
Trog accepts your kill. The gnoll hits you but does no damage.
The gnoll throws a throwing net.
The throwing net hits you.
You become entangled in the net!
The gnoll sergeant hits you from afar with a +0 spear.
* * * LOW HITPOINT WARNING * * *
The gnoll completely misses you.
Things that are here:
a throwing net; a +0 spear You struggle against the net.
The gnoll sergeant barely misses you. The gnoll barely misses you.
You struggle against the net.
The gnoll hits you but does no damage.
The gnoll sergeant hits you but does no damage.
The gnoll sergeant hits you from afar with a +0 spear.
* * * LOW HITPOINT WARNING * * *
The gnoll hits you but does no damage.
You struggle against the net.
The gnoll hits you but does no damage.
The gnoll sergeant hits you but does no damage.
You struggle against the net.
The gnoll barely misses you.
The gnoll sergeant hits you but does no damage.
The gnoll sergeant barely misses you. The gnoll hits you but does no damage.
You shred the net and break free! The gnoll hits you but does no damage.
The gnoll sergeant hits you but does no damage.
The gnoll sergeant hits you with a +0 spear!
You die...

.. ##.... ...
.......#[..###....# ..##
.......#..........# ....
...........##.....###..#
....../.............#...
.......#......#....)..#.
.......#................
......gg................
#.....@†)......#####...
#.....)))......# #...
#...?...†......# #...
#........[.[...# #...
................# #...
...#......##......?.....
...#.....###............
.......... .............
..$..... .>...........


You could see a gnoll sergeant and a gnoll.

Vanquished Creatures
  A steam dragon (D:6)
  An ogre (D:6)
  A bullfrog (D:6)
  Blork the orc (D:4)
  An orc priest (D:3)
  An iguana (D:5)
  3 orc wizards
  A mummy (D:3)
  7 adders
  10 gnolls
  2 worms (D:4)
  4 dart slugs
  18 orcs
  7 ball pythons
  9 endoplasms
  4 giant cockroaches
  4 goblins
  2 hobgoblins (D:2)
  3 bats
  A frilled lizard (D:3)
  5 kobolds
  3 rats
89 creatures vanquished.

Vanquished Creatures (others)
  A hound (D:6)
  An adder (D:6)
2 creatures vanquished.

Grand Total: 91 creatures vanquished

Notes
Turn   | Place    | Note
-------+----------+-------------------------------------------
     0 | D:1      | Mickster the Hill Orc Berserker began the quest for the
                  | Orb.
     0 | D:1      | Reached XP level 1. HP: 19/19 MP: 1/1
   213 | D:1      | Reached XP level 2. HP: 22/27 MP: 2/2
   962 | D:2      | Reached XP level 3. HP: 24/33 MP: 3/3
  1096 | D:2      | Reached skill level 5 in Axes
  1251 | D:2      | Reached XP level 4. HP: 40/40 MP: 4/4
  1560 | D:2      | Identified the +7 chain mail of the Arena {rCorr Stlth+}
  1992 | D:3      | Reached skill level 6 in Axes
  1997 | D:3      | Found a shimmering blue altar of Sif Muna.
  2035 | D:3      | Found a snail-covered altar of Cheibriados.
  2482 | D:3      | Reached XP level 5. HP: 25/46 MP: 5/5
  2845 | D:4      | Reached skill level 7 in Axes
  2930 | D:4      | Reached ** piety under Trog
  2930 | D:4      | Noticed Blork the orc
  2935 | D:4      | Killed Blork the orc
  2936 | D:4      | Reached XP level 6. HP: 53/53 MP: 6/6
  2944 | D:4      | Found a staircase to the Ecumenical Temple.
  3217 | D:4      | Reached skill level 8 in Axes
  3348 | D:5      | Entered Level 5 of the Dungeon
  3437 | D:5      | Reached XP level 7. HP: 45/60 MP: 7/7
  3645 | D:6      | Reached skill level 1 in Stealth
  3672 | D:6      | Noticed a steam dragon
  3684 | D:6      | Killed a steam dragon
  3685 | D:6      | Reached skill level 9 in Axes
  3702 | D:6      | Slain by a gnoll sergeant

Illustrated notes

Levels and vault maps discovered:
D:1:      mrwooster_arrival_statue_2, layout_basic
D:2:      layout_basic
D:3:      layout_basic, nicolae_sif_muna_condensation, slow_altar_1
D:4:      layout_loops_ring, temple_green, uniq_blork_the_orc
D:5:      cheibrodos_quashed, layout_basic
D:6:      layout_cave_pools, serial_column_ruins, column_ruins_hut,
          column_ruins_hut, column_ruins_open_medium, column_ruins_grid_2,
          column_ruins_corridor_water, column_ruins_columns_straight,
          gup_sewer_entry_bowl

Skill      XL: |  1  2  3  4  5  6  7 |
---------------+----------------------+-----
Axes           | 5 6 7 8 9 |  9.9
Fighting       | 4 |  4.8
Dodging        | 2 |  2.4
Armour         | 3 |  3.4
Stealth        | 1 |  1.1
Shields        | |  0.8

Action                     |  1- 3 |  4- 6 |  7- 9 || total
---------------------------+-------+-------+-------++-------
  Melee: Hand axe          |    75 |    25 |       ||   100
         War axe           |       |   110 |    19 ||   129
  Throw: Throwing net      |       |       |     1 ||     1
 Invoke: Berserk           |     2 |     3 |     1 ||     6
         Trog's Hand       |       |     1 |       ||     1
    Use: Scroll            |     2 |     4 |       ||     6
         Potion            |       |     3 |       ||     3
   Stab: Invisible         |       |     2 |       ||     2
 Armour: Animal skin       |    19 |       |       ||    19
         Leather armour    |     7 |       |       ||     7
         Chain mail        |       |    88 |    27 ||   115
  Dodge: Dodged            |    65 |    42 |    17 ||   124
  Block: Buckler           |       |    12 |     4 ||    16

Table legend: (Time is in decaauts)
 A = Elapsed time spent in this place.
 B = Non-inter-level travel time spent in this place.
 C = Inter-level travel time spent in this place.
 D = Time resting spent in this place.
 E = Time spent auto-exploring this place.
 F = Levels seen in this place.
 G = Mean time per level.
                   A        B        C        D        E       F      G
               +--------+--------+--------+--------+--------+-----+--------+
         Total |   3772 |   3732 |     40 |    939 |      0 |   6 |  628.7 |
       Dungeon |   3772 |   3732 |     40 |    939 |      0 |   6 |  628.7 |
               +--------+--------+--------+--------+--------+-----+--------+

Top non-repeatable levels by time:
     D:3: 1054 daAuts
     D:1: 912 daAuts
     D:2: 907 daAuts
     D:4: 527 daAuts
     D:5: 307 daAuts
     D:6: 62 daAuts
